 Dungeon Crawl Stone Soup version 0.25.0-37-gb73750e0fb (webtiles) character file.

Game seed: 17309447397047823635

395 Ethylacetat the Poker (level 6, -5/38 HPs)
             Began as an Octopode Gladiator on July 8, 2020.
             Was an Initiate of Hepliaklqana.
             Slain by an orc warrior
             ... wielding a +0 flail
              (22 damage)
             ... on level 4 of the Dungeon.
             The game lasted 00:07:44 (4144 turns).

Ethylacetat the Poker (Octopode Gladiator)          Turns: 4144, Time: 00:07:45

Health: -5/38      AC:  1    Str: 15    XL:     6   Next: 82%
Magic:  6/6        EV: 14    Int: 10    God:    Hepliaklqana [......]
Gold:   218        SH:  0    Dex: 14    Spells: 5/5 levels left

rFire    . . .     SeeInvis .   a - +0 trident
rCold    . . .     Gourm    .   (no shield)
rNeg     . . .     Faith    .   b - +0 hat
rPois    .         Spirit   .   p - amulet of regeneration
rElec    .         Reflect  .   (no ring)
rCorr    .         Harm     .   (no ring)
MR       .....                  (no ring)
Stlth    +++.......             (no ring)
HPRegen  0.52/turn              (no ring)
MPRegen  0.10/turn              (no ring)
                                (no ring)
                                (no ring)

@: no status effects
A: almost no armour, stealthy swim, amphibious, 8 rings, constrict 8, reduced
essence, camouflage 1, gelatinous body 1
a: Recall Ancestor, Ancestor Identity, Renounce Religion


You were on level 4 of the Dungeon.
You worshipped Hepliaklqana.
Hepliaklqana was noncommittal.
You were not hungry.

You visited 2 branches of the dungeon, and saw 5 of its levels.

You collected 218 gold pieces.

Inventory:

Hand Weapons
 a - a +0 trident (weapon)
Missiles
 c - 4 throwing nets (quivered)
Armour
 b - a +0 hat (worn)
Jewellery
 p - an amulet of regeneration (around mantle)
Scrolls
 g - a scroll of teleportation {unknown}
 h - a scroll of fear {unknown}
 i - 3 scrolls of identify {unknown}
 m - a scroll of noise {unknown}
 n - a scroll of random uselessness {unknown}
 o - a scroll of enchant weapon {unknown}
 s - 2 scrolls of remove curse {unknown}
 t - a scroll of amnesia {unknown}
 u - a scroll of magic mapping {unknown}
 v - a scroll of enchant armour {unknown}
Potions
 e - a potion of degeneration {unknown}
 f - 3 potions of curing {unknown}
 j - 2 potions of lignification {unknown}
 l - 2 potions of haste {unknown}
 q - a potion of might {unknown}
 r - 2 potions of berserk rage {unknown}
Comestibles
 d - 11 rations
 k - 3 chunks of flesh


   Skills:
 + Level 4.3 Fighting
 * Level 6.3 Polearms
 - Level 2.0 Throwing
 - Level 3.0 Dodging


You had 5 spell levels left.
You didn't know any spells.
Your spell library was empty.

Dungeon Overview and Level Annotations

Branches:
Dungeon (4/15)             Temple (1/1) D:4

Altars:
Ashenzari
Dithmenos
Elyvilon
Fedhas
Gozag
Hepliaklqana
Kikubaaqudgha
Makhleb
Okawaru
Qazlal
Ru
Sif Muna
Trog
Uskayaw
Vehumet
Wu Jian
Xom
Yredelemnul
Zin
The Shining One


Innate Abilities, Weirdness & Mutations

You cannot wear most types of armour.
You are very stealthy in the water. (Stealth+)
You are amphibious.
You can wear up to eight rings at the same time.
You can use your tentacles to constrict eight enemies at once.
Your skin changes colour to match your surroundings (Stealth+).
Your rubbery body absorbs attacks. (AC +1, EV +1)
Your life essence is reduced to manifest your ancestor. (-10% HP)


Message History

You reach to attack!
You puncture the orc warrior!
The orc warrior is almost dead.
The orc barely misses you.
Attack whom?
Press: ? - help, Dir - move target cursor, f - orc, p - orc warrior
Aim: an orc, wielding a +0 vorpal flail and wearing a +0 leather armour You reach to attack!
You puncture the orc!
You kill the orc!
The orc hits you but does no damage.
Attack whom?
Press: ? - help, Dir - move target cursor, f - orc
Aim: an orc, wielding a +0 trident You reach to attack!
You puncture the orc!
You kill the orc!
Attack whom?
Press: ? - help, Dir - move target cursor, f - you
Okay, then.
The orc warrior hits you with a +0 flail!!
Ouch! That really hurt!
You die...

#...............#
#...............#
#..#............#
##..#............#
##....#....(.....#
###).##..#........#
##...####..#.....(##
## #..###
###...###'### .#
..## ##..#≈@.≈≈####
##.# .##
####≈♣o♣≈#..###.. ##
#≈._.≈#...##.#
#≈♣)♣≈#....#.#
#≈≈.≈≈#......#
####)###......#
#.............##
#..........)...#
##............##


You could see an orc warrior.

Vanquished Creatures
  A phantom (D:4)
  A howler monkey (D:4)
  A crimson imp (D:4)
  2 worker ants
  6 adders
  4 gnolls (D:2)
  An ooze (D:2)
  4 worms
  2 dart slugs (D:1)
  6 orcs
  A ball python (D:3)
  9 bats
  3 giant cockroaches (D:2)
  2 gnoll zombies (D:2)
  8 goblins
  11 hobgoblins
  4 jackals
  A quokka (D:3)
  8 frilled lizards
  4 kobolds
  4 rats
83 creatures vanquished.

Vanquished Creatures (collateral kills)
  An orc (D:4)
1 creature vanquished.

Vanquished Creatures (others)
  2 ancestors (D:4)
2 creatures vanquished.

Grand Total: 86 creatures vanquished

Notes
Turn   | Place    | Note
-------+----------+-------------------------------------------
     0 | D:1      | Ethylacetat the Octopode Gladiator began the quest for the
                  | Orb.
     0 | D:1      | Reached XP level 1. HP: 14/14 MP: 1/1
    61 | D:1      | Reached XP level 2. HP: 19/19 MP: 2/2
   552 | D:1      | Reached XP level 3. HP: 25/25 MP: 3/3
   983 | D:2      | Reached skill level 4 in Polearms
  1282 | D:2      | Reached XP level 4. HP: 30/30 MP: 4/4
  1670 | D:2      | Found a basalt altar of Yredelemnul.
  1720 | D:2      | HP: 1/31 [gnoll (7)]
  2061 | D:2      | Reached XP level 5. HP: 36/36 MP: 5/5
  2085 | D:2      | Reached skill level 5 in Polearms
  3215 | D:3      | Found a glowing golden altar of the Shining One.
  3358 | D:3      | Found an iron altar of Okawaru.
  3583 | D:4      | Reached XP level 6. HP: 43/43 MP: 6/6
  3594 | D:4      | Noticed a phantom
  3609 | D:4      | Killed a phantom
  3609 | D:4      | Reached skill level 6 in Polearms
  3707 | D:4      | Found a staircase to the Ecumenical Temple.
  3736 | Temple   | Entered the Ecumenical Temple
  3922 | Temple   | Became a worshipper of Hepliaklqana the Forgotten
  3992 | D:4      | Found a shattered altar of Ashenzari.
  4093 | D:4      | Noticed an orc warrior
  4144 | D:4      | Slain by an orc warrior

Illustrated notes

Levels and vault maps discovered:
D:1:      lightli_molten_gateway, layout_loops_ring, minmay_crystal_room
D:2:      layout_rooms, lemuel_zombie_altar_yredelemnul, first_ration
D:3:      layout_loops_ring, tso_altar, okawaru_ov_weapons_minmay
D:4:      layout_cave_pods, kennysheep_slug_shrine, kennysheep_little_box,
          minmay_temple_entry_glass, minmay_close_crescents, uniq_blork_the_orc
Temple:   bh_familiar_temple

Skill      XL: |  1  2  3  4  5  6 |
---------------+-------------------+-----
Polearms       | 4 5 6 |  6.3
Fighting       | 3 4 |  4.3
Throwing       | |  2.0
Dodging        | |  3.0

Action                   |  1- 3 |  4- 6 || total
-------------------------+-------+-------++-------
Melee: Trident           |    82 |   143 ||   225
       Constrict         |    17 |    26 ||    43
       Tentacles         |     7 |    22 ||    29
 Stab: Sleeping          |     8 |     9 ||    17
       Distracted        |       |     1 ||     1
  Eat: Chunk             |       |    10 ||    10
Armor: Skin              |    11 |     3 ||    14
Dodge: Dodged            |    27 |    56 ||    83
